 Dungeon Crawl Stone Soup version 0.28.0-1-gb440e238dd (webtiles) character file.

Game seed: 17217171487207706856

5 Akaron the Skirmisher (level 1, 0/22 HPs)
             Began as an Ogre Warper on Feb 20, 2022.
             Slain by a quokka (1 damage)
             ... on level 1 of the Dungeon.
             The game lasted 00:00:21 (87 turns).

Akaron the Skirmisher (Ogre Warper)                   Turns: 87, Time: 00:00:22

Health: 0/22       AC:  3    Str: 14    XL:     1   Next: 80%
Magic:  3/3        EV: 10    Int: 14    God:
Gold:   29         SH:  0    Dex:  8    Spells: 4/4 levels left

rFire   . . .      SeeInvis .   a - +0 mace
rCold   . . .      Faith    .   (no shield)
rNeg    . . .      Spirit   .   b - +0 robe
rPois   .          Reflect  .   (helmet restricted)
rElec   .          Harm     .   (no cloak)
rCorr   .          Rampage  .   (gloves unavailable)
Will    .....                   (boots unavailable)
Stlth   +.........              (no amulet)
HPRegen 0.07/turn               (no ring)
MPRegen 0.08/turn               (no ring)

@: no status effects
A: large, unfitting armour, tough skin 1
a: no special abilities


You were on level 1 of the Dungeon.
You visited 1 branch of the dungeon, and saw 1 of its levels.

You collected 29 gold pieces.

Inventory:

Hand Weapons
 a - a +0 mace (weapon)
Missiles
 d - 5 boomerangs of dispersal (quivered)
Armour
 b - a +0 robe (worn)
Scrolls
 c - a scroll of blinking
 f - a scroll of teleportation {unknown}
Potions
 e - a potion of invisibility {unknown}


   Skills:
 + Level 2.8 Fighting
 + Level 1.9 Maces & Flails
 + Level 1.0 Throwing
 + Level 2.3 Dodging
 + Level 2.4 Spellcasting
 + Level 2.7 Translocations


You had 4 spell levels left.
You didn't know any spells.
Your spell library contained the following spells:

 Spells                   Type           Power      Damage    Failure   Level
 Blink                    Tloc           18%        N/A       11%         2
 Gell's Gravitas          Tloc           9%         N/A       22%         3
 Lesser Beckoning         Tloc           9%         N/A       22%         3
 Teleport Other           Tloc           9%         N/A       22%         3
 Manifold Assault         Tloc           9%         N/A       90%         5


Dungeon Overview and Level Annotations

Branches:
Dungeon (1/15)

Altars:


Innate Abilities, Weirdness & Mutations

You are too large for most types of armour.
You have tough skin. (AC +1)


Message History

The ball python bites you but does no damage.
You closely miss the ball python. The ball python closely misses you.
The ball python bites you.
You hit the ball python but do no damage.
The ball python bites you.
You closely miss the ball python. The ball python closely misses you.
The ball python barely misses you.
You hit the ball python.
You kill the ball python!
You miss the quokka. The quokka bites you. The quokka barely misses you.
You closely miss the quokka. The quokka bites you.
The quokka bites you but does no damage.
You closely miss the quokka. The quokka bites you.
You hit the quokka.
The quokka is moderately wounded.
The quokka bites you.
The quokka bites you but does no damage.
You barely miss the quokka.
The quokka is moderately wounded.
The quokka barely misses you.
You are too injured to fight recklessly!
You are too injured to fight recklessly!
You are too injured to fight recklessly!
You are too injured to fight recklessly!
You are too injured to fight recklessly!
You are too injured to fight recklessly!
You are too injured to fight recklessly!
You closely miss the quokka.
The quokka bites you but does no damage.
The quokka bites you.
* * * LOW HITPOINT WARNING * * *
You barely miss the quokka. The quokka bites you.
* * * LOW HITPOINT WARNING * * *
You closely miss the quokka. The quokka barely misses you.
The quokka bites you.
* * * LOW HITPOINT WARNING * * *
You closely miss the quokka. The quokka bites you.
* * * LOW HITPOINT WARNING * * *
The quokka bites you.
You die...

#.. ....... #.# ### .......
###### ######.# #.. .......
...... ....##.# #.##.#.....
#.##.# #.#.##.# #.#........
..##.# #.#.##.# ###.#..#.....
#.##.###.#.##.# #......# ...
...........##.#####......#..
.
................@rS..........
..####.#..#########.....###.#
#.# #.#..... #.....# # ###
######## ###.#.#
##♣#♣#♣#♣#♣### #.#.#
.............# #.#..
........♣♣..<# ..#.#.
.............# ## ..
##♣#♣#♣#♣#♣###


You could see a quokka and a ball python.

Vanquished Creatures
  A hobgoblin (D:1)
  3 ball pythons (D:1)
  A goblin (D:1)
  A rat (D:1)
6 creatures vanquished.

Notes
Turn   | Place    | Note
-------+----------+-------------------------------------------
     0 | D:1      | Akaron the Ogre Warper began the quest for the Orb.
     0 | D:1      | Reached XP level 1. HP: 22/22 MP: 3/3
    87 | D:1      | HP: 1/22 [quokka (1)]
    87 | D:1      | Slain by a quokka

Illustrated notes

Levels and vault maps discovered:
D:1:      minmay_arrival_plants_in_alcoves, layout_loops_ring,
          shapermc_ecumenical_altar_mp_urbaneastern

Action                   || total
-------------------------++-------
Melee: Mace              ||    25
Armor: Robe              ||    12
Dodge: Dodged            ||    14
